[Event "Titled Tuesday Blitz September 27 Early 2022"]
[White "Omariev, Maksim"]
[Black "Lauridsen, Jesper Morch"]
[WhiteFideId "4193423"]
[BlackFideId "1401890"]
[WhiteElo "2420"]
[BlackElo "2220"]
[Result "0-1"]
[Round "03"]
[TimeControl "180+1"]
[Date "2022.09.27"]
[WhiteClock "0:00:06"]
[BlackClock "0:01:10"]

1. g4 d5 2. Bg2 c6 3. g5 e5 4. d4 exd4 5. Qxd4 Ne7 6. e4 Be6 7. Nc3 Na6 8. Be3 c5 9. Qa4+ Bd7 10. Qb3 d4 11. Qxb7 Nb4 12. O-O-O Bc6 13. Qxa8 Qxa8 14. Bxd4 cxd4 15. Rxd4 a5 16. Nge2 Nf5 17. Rd2 Bc5 18. Rhd1 O-O 19. f3 Ne3 20. Rg1 Nc4 21. Rdd1 Bxg1 22. Rxg1 Qb7 23. Bh3 Nxc2 24. Kxc2 Qxb2+ 25. Kd3 Rd8+ 26. Nd4 Qd2+ 27. Kxc4 Qxd4+ 28. Kb3 Qxg1 29. Bf5 Rb8+ 30. Kc4 Qf1+ 31. Kc5 Be8 32. Nd5 Rb5+ 33. Kd6 Rxd5+ 34. exd5 Qxf3 35. Bc8 Qf4+ 36. Ke7 Qxg5+ 37. Kxe8 Qxd5 38. Bd7 Qxa2 39. Ke7 Qxh2 40. Be8 Qe5+ 41. Kd8 Qxe8+ 42. Kc7 a4 43. Kb6 Qe5 44. Kc6 a3 45. Kd7 a2 46. Kc8 a1=Q 47. Kb7 Qab2+ 48. Kc6 Qbc3+ 49. Kd7 Qcc7# 0-1


[Site "https://www.chess.com"]

[Event "Titled Tuesday Blitz September 27 Early 2022"]
[White "Onslow, Alfie"]
[Black "Ismayil, Malak"]
[WhiteFideId "436976"]
[BlackFideId "13412604"]
[WhiteElo "1885"]
[BlackElo "1879"]
[Result "0-1"]
[Round "03"]
[TimeControl "180+1"]
[Date "2022.09.27"]
[WhiteClock "0:00:03"]
[BlackClock "0:00:39"]

1. e4 e5 2. Bc4 Nc6 3. Nc3 Nf6 4. d3 Be7 5. f4 d6 6. Nf3 Bg4 7. O-O O-O 8. fxe5 Nxe5 9. Qe1 Nxf3+ 10. gxf3 Bh3 11. Rf2 Nh5 12. f4 Bh4 13. Qe3 Bxf2+ 14. Kxf2 Be6 15. b3 Qh4+ 16. Kg1 Bxc4 17. bxc4 f5 18. e5 dxe5 19. fxe5 f4 20. Qf2 Qg5+ 21. Kh1 Qxe5 22. Bb2 Qe3 23. Qh4 Nf6 24. Nd5 Nxd5 25. cxd5 Qf3+ 26. Kg1 Rae8 27. Qg5 Rf7 28. Rf1 Qe3+ 29. Kh1 f3 30. Qxe3 Rxe3 31. Kg1 Re2 32. Rf2 Rxf2 33. Kxf2 g5 34. h3 h5 35. c4 g4 36. hxg4 hxg4 37. Bd4 b6 38. Kg3 Kh7 39. Bf2 Rg7 40. d4 Kh6 41. c5 Kh5 42. d6 cxd6 43. c6 d5 0-1


[Site "https://www.chess.com"]

[Event "Titled Tuesday Blitz September 27 Early 2022"]
[White "Oparin, Grigoriy"]
[Black "Ladan, Nicholas"]
[WhiteFideId "24125890"]
[BlackFideId "30918855"]
[WhiteElo "2639"]
[BlackElo "2167"]
[Result "1-0"]
[Round "03"]
[TimeControl "180+1"]
[Date "2022.09.27"]
[WhiteClock "0:00:42"]
[BlackClock "0:00:18"]

1. e4 e5 2. Nf3 Nc6 3. Bb5 a6 4. Ba4 g6 5. c3 Bg7 6. d4 b5 7. Bb3 exd4 8. cxd4 Na5 9. Bc2 Ne7 10. O-O d6 11. d5 O-O 12. Bd2 Bxb2 13. Bxa5 Bxa1 14. Nc3 Bxc3 15. Bxc3 f6 16. Nd4 Bd7 17. f4 c5 18. dxc6 Nxc6 19. Nf3 Qe7 20. h3 Be6 21. Bb1 Rad8 22. Re1 Qf7 23. Qe2 Bc4 24. Qf2 Rfe8 25. h4 d5 26. e5 d4 27. Nxd4 Nxd4 28. Bxd4 fxe5 29. Bxe5 Rd3 30. Bxd3 Bxd3 31. Rd1 Be4 32. h5 gxh5 33. Rd6 Bg6 34. Rf6 Qd5 35. Rxa6 Qd1+ 36. Kh2 Qg4 37. Ra7 h4 38. Rg7+ Kh8 39. Rxg6+ Rxe5 40. Rxg4 1-0


[Site "https://www.chess.com"]

[Event "Titled Tuesday Blitz September 27 Early 2022"]
[White "Ovchinnikov, Vsevolod"]
[Black "Sailer, Mike"]
[WhiteFideId "24176842"]
[BlackFideId "2012901"]
[WhiteElo "2376"]
[BlackElo "2109"]
[Result "1-0"]
[Round "03"]
[TimeControl "180+1"]
[Date "2022.09.27"]
[WhiteClock "0:01:19"]
[BlackClock "0:00:03"]

1. Nf3 d5 2. c4 c6 3. b3 Nf6 4. Bb2 Bf5 5. g3 e6 6. Bg2 Be7 7. O-O O-O 8. d3 h6 9. Qc2 a6 10. Nbd2 b5 11. h3 Nbd7 12. Nd4 Rc8 13. Nxf5 exf5 14. cxd5 cxd5 15. Qd1 Re8 16. a3 Bd6 17. e3 h5 18. Nf3 Ne5 19. Nd4 g6 20. Rc1 Rxc1 21. Bxc1 h4 22. gxh4 Nh5 23. Nxf5 d4 24. exd4 gxf5 25. dxe5 Qxh4 26. exd6 f4 27. Qg4+ 1-0


[Site "https://www.chess.com"]

[Event "Titled Tuesday Blitz September 27 Early 2022"]
[White "Ozates, Tuna"]
[Black "Gabrielian, Artur"]
[WhiteFideId "6354521"]
[BlackFideId "4131002"]
[WhiteElo "1887"]
[BlackElo "2467"]
[Result "0-1"]
[Round "03"]
[TimeControl "180+1"]
[Date "2022.09.27"]
[WhiteClock "0:00:18"]
[BlackClock "0:00:38"]

1. d4 Nf6 2. Nf3 g6 3. Nbd2 d5 4. e3 Bg7 5. b4 a5 6. b5 c5 7. bxc6 Nxc6 8. c4 O-O 9. Be2 e5 10. dxe5 Ng4 11. cxd5 Ncxe5 12. Rb1 Qxd5 13. O-O Rd8 14. Qb3 Nd3 15. Ba3 Be6 16. Qxb7 Qxa2 17. Be7 Bd5 18. Qb5 Re8 19. Bd6 Nde5 20. Bxe5 Nxe5 21. Nxe5 Bxe5 22. Nf3 Rab8 23. Qd3 Rxb1 24. Rxb1 Be4 25. Qxe4 Bxh2+ 26. Kxh2 Rxe4 27. Rb8+ Kg7 28. Bd3 Rb4 29. Ra8 Qd5 30. Ra7 Qxd3 31. Ne5 Qf5 0-1


[Site "https://www.chess.com"]

[Event "Titled Tuesday Blitz September 27 Early 2022"]
[White "Pacheco Lugo, Alejandro Jose"]
[Black "Zaksaite, Salomeja"]
[WhiteFideId "3903745"]
[BlackFideId "12801496"]
[WhiteElo "2146"]
[BlackElo "1953"]
[Result "1-0"]
[Round "03"]
[TimeControl "180+1"]
[Date "2022.09.27"]
[WhiteClock "0:01:14"]
[BlackClock "0:00:11"]

1. e4 c5 2. Nf3 Nc6 3. d4 cxd4 4. Nxd4 Nf6 5. Nc3 e5 6. Ndb5 d6 7. Bg5 a6 8. Na3 b5 9. Bxf6 gxf6 10. Nd5 Bg7 11. g3 Ne7 12. Bg2 Be6 13. Nxe7 Qxe7 14. O-O Rd8 15. c3 f5 16. exf5 Bxf5 17. Bc6+ Kf8 18. Bd5 h5 19. h4 Bf6 20. Qf3 Bg4 21. Qe3 Rg8 22. Qh6+ Ke8 23. Bc6+ Bd7 24. Bxd7+ Kxd7 25. Qxh5 Bxh4 26. Kg2 Kc7 27. Rh1 Bg5 28. Nc2 f5 29. Nb4 Kb7 30. Qf3+ d5 31. Qxf5 Rdf8 32. Qd3 d4 33. Qe4+ Kc7 34. Nd5+ 1-0


[Site "https://www.chess.com"]

[Event "Titled Tuesday Blitz September 27 Early 2022"]
[White "Pakleza, Zbigniew"]
[Black "Vlassov, Nikolai"]
[WhiteFideId "1119290"]
[BlackFideId "4103360"]
[WhiteElo "2411"]
[BlackElo "2324"]
[Result "1-0"]
[Round "03"]
[TimeControl "180+1"]
[Date "2022.09.27"]
[WhiteClock "0:00:58"]
[BlackClock "0:00:03"]

1. d4 Nf6 2. Nf3 e6 3. Bf4 c5 4. c3 b6 5. e3 Bb7 6. Nbd2 Be7 7. h3 d6 8. Nc4 Ne4 9. Bd3 b5 10. Ncd2 Nxd2 11. Bxb5+ Kf8 12. Qxd2 Bxf3 13. gxf3 cxd4 14. cxd4 Nd7 15. O-O Nf6 16. Rfc1 Nh5 17. Bh2 g6 18. Rc6 Kg7 19. Rac1 Rb8 20. Bf1 a5 21. b3 Rb7 22. Ra6 d5 23. Qxa5 Qd7 24. Qa4 Qd8 25. Qc6 Qd7 26. Qxd7 Rxd7 27. a4 Nf6 28. Bb5 Rb7 29. Rc7 Rxc7 30. Bxc7 Rc8 31. Rc6 Kf8 32. Bf4 Ra8 33. Bh6+ Kg8 34. Kf1 Ne8 35. Bf4 f6 36. Rxe6 Kf7 37. Ra6 g5 38. Rxa8 gxf4 39. Bxe8+ 1-0


[Site "https://www.chess.com"]

[Event "Titled Tuesday Blitz September 27 Early 2022"]
[White "Perera Alfonso, Rene Humberto"]
[Black "Gu, Xiaobing"]
[WhiteFideId "3514722"]
[BlackFideId "8602611"]
[WhiteElo "2313"]
[BlackElo "2174"]
[Result "0-1"]
[Round "03"]
[TimeControl "180+1"]
[Date "2022.09.27"]
[WhiteClock "0:00:15"]
[BlackClock "0:00:25"]

1. e4 c5 2. Nf3 d6 3. d4 cxd4 4. Nxd4 Nf6 5. Nc3 a6 6. Be3 e5 7. Nb3 Be7 8. h3 h5 9. Qf3 Be6 10. O-O-O Nbd7 11. Rg1 Rc8 12. g4 hxg4 13. hxg4 Rxc3 14. bxc3 Qc7 15. g5 Nh5 16. g6 Qxc3 17. Rd3 Qe1+ 18. Rd1 Qc3 19. Bh3 Nf4 20. gxf7+ Bxf7 21. Bxd7+ Kxd7 22. Qg4+ Be6 23. Qxg7 Rc8 24. Rxd6+ Kxd6 25. Rd1+ Nd3+ 26. Rxd3+ Qxd3 27. Bc5+ Rxc5 28. Nxc5 Qa3+ 29. Kb1 Qxc5 30. f4 Qb4+ 31. Kc1 Qe1+ 32. Kb2 Kd7 33. f5 Bc4 34. f6 Qb4+ 35. Kc1 Qa3+ 36. Kb1 Bxa2+ 37. Ka1 Bb3+ 38. Kb1 Qa2+ 39. Kc1 Qxc2# 0-1


[Site "https://www.chess.com"]

[Event "Titled Tuesday Blitz September 27 Early 2022"]
[White "Petrosyan, Manuel"]
[Black "Sychev, Klementy"]
[WhiteFideId "13300857"]
[BlackFideId "4114060"]
[WhiteElo "2592"]
[BlackElo "2564"]
[Result "1-0"]
[Round "03"]
[TimeControl "180+1"]
[Date "2022.09.27"]
[WhiteClock "0:00:36"]
[BlackClock "0:00:03"]

1. Nf3 Nf6 2. g3 d5 3. Bg2 c5 4. O-O e6 5. d4 cxd4 6. b3 h5 7. Qxd4 Nc6 8. Qh4 Ne7 9. Ne5 Nc6 10. Nxc6 bxc6 11. Bg5 Be7 12. Rd1 Ng4 13. Bxe7 Qxe7 14. Qxe7+ Kxe7 15. c4 Ba6 16. Nc3 Rhd8 17. Na4 Rab8 18. Nc5 Bc8 19. Rac1 Ne5 20. cxd5 cxd5 21. e4 d4 22. f4 Ng4 23. e5 Ne3 24. Rd2 a5 25. Bf3 h4 26. Ne4 hxg3 27. hxg3 Bb7 28. Rc7+ Kf8 29. Ng5 Bxf3 30. Rh2 Kg8 31. Nxf7 g6 32. Rh8+ Kg7 33. Rxd8 1-0


[Site "https://www.chess.com"]

[Event "Titled Tuesday Blitz September 27 Early 2022"]
[White "Piesik, Piotr"]
[Black "Zong, Davis"]
[WhiteFideId "1136194"]
[BlackFideId "30903955"]
[WhiteElo "2221"]
[BlackElo "2061"]
[Result "1-0"]
[Round "03"]
[TimeControl "180+1"]
[Date "2022.09.27"]
[WhiteClock "0:00:49"]
[BlackClock "0:00:03"]

1. Nf3 d5 2. g3 c6 3. Bg2 Bg4 4. O-O Nd7 5. d3 e5 6. Nbd2 Ngf6 7. e4 dxe4 8. dxe4 Bc5 9. h3 Bh5 10. Qe1 O-O 11. Nb3 Bb6 12. a4 a5 13. Nh4 Re8 14. Nf5 Nf8 15. Bg5 Ne6 16. Be3 Bxe3 17. Qxe3 Qc7 18. Bf3 Bxf3 19. Qxf3 g6 20. Ne3 Kg7 21. h4 h5 22. Rfd1 Rad8 23. Nc4 b6 24. c3 g5 25. Ne3 gxh4 26. Nf5+ Kh7 27. Nxh4 Qe7 28. Qf5+ Kh8 29. Qxe5 Nc5 30. Qxe7 Rxd1+ 31. Rxd1 Rxe7 32. Nxc5 bxc5 33. f3 Rb7 34. Rd2 Nd7 35. Nf5 Ne5 36. Kf2 Nc4 37. Nd6 Nxd6 38. Rxd6 Rxb2+ 39. Ke3 Rc2 40. Rxc6 Rxc3+ 41. Kf4 Rc4 42. Rh6+ Kg7 43. Rxh5 Rxa4 44. Rxc5 Ra1 45. g4 a4 46. Ra5 a3 47. Kf5 a2 48. f4 Kh7 49. e5 Kg7 50. Ra7 Kg8 51. g5 Kh8 52. e6 Kg8 53. exf7+ Kg7 54. Ra8 Kxf7 55. Ra7+ Kg8 56. Kf6 Kh8 57. Ra8+ Kh7 58. g6+ Kh6 59. Rh8# 1-0


[Site "https://www.chess.com"]

[Event "Titled Tuesday Blitz September 27 Early 2022"]
[White "Poltorak, Sebastian"]
[Black "Bobomurodova, Maftuna"]
[WhiteFideId "1199498"]
[BlackFideId "14207400"]
[WhiteElo "2104"]
[BlackElo "1548"]
[Result "1-0"]
[Round "03"]
[TimeControl "180+1"]
[Date "2022.09.27"]
[WhiteClock "0:00:06"]
[BlackClock "0:00:33"]

1. d4 Nf6 2. c4 e6 3. Nf3 b6 4. Nc3 Bb4 5. Qc2 O-O 6. Bg5 Bb7 7. e3 h6 8. Bh4 c5 9. a3 Bxc3+ 10. Qxc3 cxd4 11. Nxd4 Nc6 12. Rd1 Qe7 13. Be2 Nxd4 14. Qxd4 Rfd8 15. O-O d5 16. Bf3 dxc4 17. Bxf6 gxf6 18. Qg4+ Kf8 19. Bxb7 Qxb7 20. Qf4 Ke7 21. Qxc4 Rac8 22. Qb4+ Ke8 23. Qf4 f5 24. Qxh6 Qe4 25. h3 Qc2 26. Qh8+ Ke7 27. Qh4+ Ke8 28. Rc1 Qxc1 29. Rxc1 Rxc1+ 30. Kh2 Rcd1 31. Qf6 R8d2 32. Kg3 Re1 33. Qh8+ Ke7 34. Qh4+ Kd7 35. Qa4+ Kc8 36. Qe8+ Kb7 37. Qxf7+ Ka6 38. Qxe6 Ree2 39. Qc8+ Ka5 40. Qc3+ Ka6 41. Qc4+ Kb7 42. Qf7+ Ka6 43. Qxf5 Rxb2 44. h4 Rec2 45. h5 Rc7 46. h6 Rd2 47. h7 Rd8 48. Qh5 Rg7+ 49. Kf3 Rh8 50. Ke2 Rhxh7 51. Qd5 Rh6 52. f4 Rh2 53. Kf2 Rh4 54. Kf3 Rh1 55. f5 Rf1+ 56. Ke2 Rg1 57. Kf2 Rc1 58. f6 Rc2+ 59. Kf3 Rgc7 60. Qd3+ Kb7 61. Qe4+ Kb8 62. g4 R2c6 63. g5 Rd6 64. Qf4 Rd8 65. g6 Kb7 66. g7 Rf7 67. Qe4+ Kb8 68. Qe6 Rc7 69. f7 1-0


[Site "https://www.chess.com"]

[Event "Titled Tuesday Blitz September 27 Early 2022"]
[White "Priasmoro, Novendra"]
[Black "So, Wesley"]
[WhiteFideId "7105029"]
[BlackFideId "5202213"]
[WhiteElo "2309"]
[BlackElo "2763"]
[Result "1-0"]
[Round "03"]
[TimeControl "180+1"]
[Date "2022.09.27"]
[WhiteClock "0:00:23"]
[BlackClock "0:00:01"]

1. e4 c5 2. Nf3 d6 3. d4 cxd4 4. Nxd4 Nf6 5. Nc3 a6 6. g3 e6 7. Bg2 Be7 8. O-O O-O 9. h3 Nc6 10. Be3 Qc7 11. f4 Nxd4 12. Bxd4 e5 13. Be3 b5 14. a3 h6 15. g4 exf4 16. Rxf4 Be6 17. Qd2 Nd7 18. Rf2 Ne5 19. Nd5 Bxd5 20. Qxd5 Bh4 21. Re2 Nc4 22. Bf4 Bf6 23. c3 Be5 24. Rf1 Bxf4 25. Rxf4 Rae8 26. Ref2 Re5 27. Qd4 a5 28. Rf5 Qe7 29. a4 Qb7 30. axb5 Rxf5 31. Rxf5 Rc8 32. e5 Qxb5 33. e6 Qxb2 34. exf7+ Kf8 35. Bd5 Qb6 36. Be6 Qb1+ 37. Kg2 Qa2+ 38. Rf2 Ne3+ 39. Qxe3 1-0


[Site "https://www.chess.com"]

[Event "Titled Tuesday Blitz September 27 Early 2022"]
[White "Priyanka Nutakki"]
[Black "Carrasco Miranda, Andres"]
[WhiteFideId "25049615"]
[BlackFideId "3405990"]
[WhiteElo "1912"]
[BlackElo "2177"]
[Result "1-0"]
[Round "03"]
[TimeControl "180+1"]
[Date "2022.09.27"]
[WhiteClock "0:01:03"]
[BlackClock "0:01:39"]

1. d4 Nf6 2. Nf3 g6 3. Bf4 Bg7 4. e3 O-O 5. Be2 c5 6. O-O Qb6 7. Nbd2 d5 8. Rb1 Nc6 9. dxc5 Qxc5 10. c4 Rd8 11. Nb3 Qb6 12. c5 Qb4 13. a3 Qa4 14. Nfd4 Nxd4 15. exd4 Bf5 16. Rc1 Ne4 17. h3 h5 18. Re1 Rac8 19. Bf1 b6 20. f3 bxc5 21. fxe4 dxe4 22. Nxc5 Bxd4+ 23. Kh1 Bxc5 24. Qxa4 1-0


[Site "https://www.chess.com"]

[Event "Titled Tuesday Blitz September 27 Early 2022"]
[White "Prraneeth Vuppala"]
[Black "Pham, Khoi"]
[WhiteFideId "46622373"]
[BlackFideId "1054988"]
[WhiteElo "2073"]
[BlackElo "2443"]
[Result "1-0"]
[Round "03"]
[TimeControl "180+1"]
[Date "2022.09.27"]
[WhiteClock "0:00:30"]
[BlackClock "0:00:49"]

1. d4 f5 2. Bf4 Nf6 3. e3 d6 4. h3 g6 5. Nf3 Bg7 6. h4 O-O 7. Bd3 Qe8 8. c4 Nbd7 9. d5 Nh5 10. Nc3 Nxf4 11. exf4 e5 12. dxe6 Nc5 13. O-O Nxe6 14. Re1 Qf7 15. g3 h6 16. Qd2 Nc5 17. Bf1 Be6 18. Rad1 Bxc4 19. Bxc4 Qxc4 20. Nd5 Ne4 21. Qa5 b6 22. Qa3 Rf7 23. Ne3 Qc5 24. b4 Qc3 25. Qa4 a5 26. bxa5 Qxa5 27. Qc6 Qxa2 28. Rf1 Ra5 29. Nd5 Rc5 30. Qe8+ Bf8 31. Qe6 Kg7 32. h5 gxh5 33. Nh4 Nc3 34. Qg6+ Kh8 35. Qxf7 Rxd5 36. Ng6# 1-0


[Site "https://www.chess.com"]

[Event "Titled Tuesday Blitz September 27 Early 2022"]
[White "Przybylski, Wojciech"]
[Black "Moksh Amit Doshi"]
[WhiteFideId "1117599"]
[BlackFideId "25064967"]
[WhiteElo "2133"]
[BlackElo "2245"]
[Result "0-1"]
[Round "03"]
[TimeControl "180+1"]
[Date "2022.09.27"]
[WhiteClock "0:00:05"]
[BlackClock "0:00:29"]

1. e4 c5 2. Nf3 d6 3. Bb5+ Nd7 4. O-O a6 5. Bd3 Ngf6 6. c3 e6 7. a4 b6 8. Re1 Bb7 9. Bc2 Be7 10. d4 O-O 11. Nbd2 Qc7 12. b3 Rac8 13. Bd3 cxd4 14. cxd4 Qc3 15. Rb1 Qxd3 16. Re3 Qc2 17. Qe2 Rc3 18. Ne1 Rxe3 19. Qxe3 Qc6 20. f3 e5 21. Bb2 d5 22. Rc1 Qe6 23. dxe5 Bc5 24. Rxc5 bxc5 25. exf6 Nxf6 26. Nd3 Nd7 27. e5 Qb6 28. Kf2 Re8 29. f4 h6 30. Ke2 c4 31. bxc4 dxc4 32. Nxc4 Qg6 33. g3 Qh5+ 34. Ke1 Qxh2 35. Nd6 Rb8 36. Bd4 Bc6 37. Nf2 Rb1+ 38. Kd2 Qg1 39. f5 Qc1+ 40. Ke2 Qxe3+ 41. Kxe3 Bxa4 42. Nfe4 Bc6 43. Nc3 Re1+ 44. Kd2 Rh1 45. e6 fxe6 46. fxe6 Nf6 47. e7 Ne8 48. Nf5 Rh2+ 49. Ke3 g6 50. Nh4 Kf7 51. Be5 Rh1 52. Kd4 Re1 53. Bf4 g5 54. Nf5 gxf4 55. gxf4 Rxe7 56. Nxe7 Kxe7 57. Kc5 Bf3 58. Kb6 h5 59. Kxa6 h4 60. Nb5 h3 61. Nd4 Be4 62. Ne2 h2 63. Ng3 Bf3 64. Kb5 Nf6 65. Kc4 Ne4 66. Nf1 h1=Q 67. Ne3 Qc1+ 68. Kd4 Qd2+ 69. Ke5 Qxe3 70. f5 Nf6# 0-1


[Site "https://www.chess.com"]

[Event "Titled Tuesday Blitz September 27 Early 2022"]
[White "Pultinevicius, Paulius"]
[Black "Mladek, Richard"]
[WhiteFideId "12809390"]
[BlackFideId "386588"]
[WhiteElo "2472"]
[BlackElo "2263"]
[Result "1-0"]
[Round "03"]
[TimeControl "180+1"]
[Date "2022.09.27"]
[WhiteClock "0:00:05"]
[BlackClock "0:00:16"]

1. c4 Nf6 2. Nf3 g6 3. b3 d5 4. Bb2 c6 5. g3 Bg7 6. Bg2 O-O 7. O-O Bg4 8. d3 Nbd7 9. h3 Bxf3 10. Bxf3 e6 11. Bg2 a5 12. d4 a4 13. e3 axb3 14. axb3 Rxa1 15. Bxa1 Qa5 16. Bc3 Qa2 17. Nd2 Ra8 18. g4 Ne8 19. Qc1 Nd6 20. Bb2 dxc4 21. bxc4 Ra4 22. c5 Nc4 23. Nxc4 Rxc4 24. Qa1 Ra4 25. Qd1 Rb4 26. Bc3 Rb3 27. Be1 Rb1 28. Qd3 Rb3 29. Qc4 Qa3 30. Qc2 Rb2 31. Qe4 Nf6 32. Qf4 Nd5 33. Qb8+ Bf8 34. Qd8 Re2 35. Bf3 Ra2 36. Qh4 Ra1 37. Bxd5 cxd5 38. Qg3 Rb1 39. Qf3 Qa1 40. Qe2 Rb2 41. Bc3 Rxe2 42. Rxa1 Rc2 43. Be1 Rb2 44. Kf1 b6 45. Ra8 bxc5 46. dxc5 Rc2 47. c6 Kg7 48. Rc8 Bd6 49. Ba5 Kf6 50. Ke1 h5 51. Bd8+ Ke5 52. f3 hxg4 53. hxg4 d4 54. exd4+ Kxd4 55. Bb6+ Kd5 56. c7 Rc6 57. Rd8 Ke5 58. c8=Q Bb4+ 59. Ke2 1-0


[Site "https://www.chess.com"]

[Event "Titled Tuesday Blitz September 27 Early 2022"]
[White "Quispe Santacruz, Javier"]
[Black "Pinero Rodriguez, Carlos Jose"]
[WhiteFideId "3800920"]
[BlackFideId "3901726"]
[WhiteElo "1930"]
[BlackElo "2053"]
[Result "0-1"]
[Round "03"]
[TimeControl "180+1"]
[Date "2022.09.27"]
[WhiteClock "0:01:59"]
[BlackClock "0:02:47"]

1. e4 c5 2. Nf3 e6 3. d4 cxd4 4. Nxd4 a6 5. c4 Qc7 6. Nc3 Nf6 7. f3 b6 8. Be3 h5 9. Rc1 Bb7 10. b3 Bd6 11. Qd2 Bxh2 12. Be2 Bg3+ 13. Bf2 h4 14. Qg5 Nh5 15. Bd1 Bf4 0-1


[Site "https://www.chess.com"]

[Event "Titled Tuesday Blitz September 27 Early 2022"]
[White "Raja Rithvik R"]
[Black "Sprenar, Petr"]
[WhiteFideId "35007394"]
[BlackFideId "397164"]
[WhiteElo "2255"]
[BlackElo "2153"]
[Result "1-0"]
[Round "03"]
[TimeControl "180+1"]
[Date "2022.09.27"]
[WhiteClock "0:00:24"]
[BlackClock "0:00:06"]

1. Nf3 d5 2. g3 e6 3. Bg2 Nf6 4. O-O Be7 5. d3 O-O 6. Nbd2 c5 7. e4 Nc6 8. Re1 b5 9. e5 Nd7 10. Nf1 Bb7 11. h4 Qb6 12. h5 h6 13. Bf4 Rfc8 14. Ne3 Qd8 15. Ng4 Bf8 16. c3 b4 17. c4 Nb6 18. b3 dxc4 19. dxc4 Qxd1 20. Raxd1 Rd8 21. Be3 Na5 22. Nd2 Bxg2 23. Kxg2 Nb7 24. Ne4 a5 25. Rxd8 Rxd8 26. Re2 a4 27. Rd2 Ra8 28. Nd6 Bxd6 29. exd6 f6 30. f3 Kf7 31. Nf2 Ke8 32. Nd3 Rc8 33. Nxb4 axb3 34. axb3 cxb4 35. Bxb6 Kd7 36. Rd4 Rc6 37. Bc7 Nc5 38. Rg4 e5 39. Rxg7+ Ke6 40. Re7+ 1-0


[Site "https://www.chess.com"]

[Event "Titled Tuesday Blitz September 27 Early 2022"]
[White "Ravi, Teja S."]
[Black "Player, Edmund C"]
[WhiteFideId "5017220"]
[BlackFideId "406520"]
[WhiteElo "2432"]
[BlackElo "2092"]
[Result "1-0"]
[Round "03"]
[TimeControl "180+1"]
[Date "2022.09.27"]
[WhiteClock "0:00:23"]
[BlackClock "0:00:13"]

1. d4 Nf6 2. Nf3 d5 3. Bf4 c5 4. e3 Qb6 5. Nc3 Bf5 6. Nb5 Na6 7. a4 Rc8 8. a5 Qd8 9. Nxa7 Ra8 10. Nb5 Nh5 11. Bg5 Nb4 12. Bd3 Nxd3+ 13. cxd3 Rxa5 14. Nc3 Rxa1 15. Qxa1 h6 16. Bh4 g5 17. Bg3 Nxg3 18. hxg3 Bg7 19. dxc5 Bxd3 20. Qa4+ Kf8 21. Qd1 Bc4 22. Nd4 e6 23. Qf3 Be5 24. Nxe6+ Ke7 25. Nxd8 Rxd8 26. Rxh6 Ra8 27. Nxd5+ Kf8 28. Qf5 Bxb2 29. Rh7 Ra1+ 30. Kd2 f6 31. Qc8# 1-0


[Site "https://www.chess.com"]

[Event "Titled Tuesday Blitz September 27 Early 2022"]
[White "Ravi, Thandalam Shanmugam"]
[Black "Kouskoutis, Georgios-Alexandros"]
[WhiteFideId "5000238"]
[BlackFideId "4234049"]
[WhiteElo "2063"]
[BlackElo "2130"]
[Result "1-0"]
[Round "03"]
[TimeControl "180+1"]
[Date "2022.09.27"]
[WhiteClock "0:00:55"]
[BlackClock "0:00:02"]

1. e4 c5 2. Nf3 e6 3. g3 Nc6 4. Bg2 g6 5. d4 cxd4 6. Nxd4 Nxd4 7. Qxd4 Qf6 8. Qxf6 Nxf6 9. e5 Ng4 10. f4 Bc5 11. Nc3 d5 12. exd6 Bxd6 13. h3 Nf6 14. Be3 a6 15. O-O-O Be7 16. Na4 Nd7 17. Bd4 O-O 18. Nb6 Nxb6 19. Bxb6 a5 20. c4 a4 21. c5 Bf6 22. Rd2 e5 23. fxe5 Bxe5 24. Rhd1 Bxg3 25. Rd8 Bf4+ 26. Kc2 Bf5+ 27. Kc3 Raxd8 28. Bxd8 Be5+ 29. Kb4 Bxb2 30. Bxb7 Bxh3 31. c6 a3 32. c7 h5 33. Bc6 Be5 34. Bd7 Bxc7 35. Bxc7 Bxd7 36. Rxd7 g5 37. Rd5 f6 38. Kxa3 h4 39. Kb4 Kg7 40. a4 Kg6 41. a5 f5 42. a6 Ra8 43. Kb5 f4 44. Kb6 h3 45. Rd3 g4 46. Bxf4 Kf5 47. Bc7 Ke4 48. Kb7 Rxa6 49. Rxh3 Rg6 50. Rg3 Rg5 51. Kc6 Rg6+ 52. Bd6 Kf5 53. Kd5 Kg5 54. Be5 Kh4 55. Ke4 Re6 56. Rg1 g3 57. Kf4 Kh5 58. Rxg3 Re8 59. Kf5 Rf8+ 60. Bf6 1-0


[Site "https://www.chess.com"]

[Event "Titled Tuesday Blitz September 27 Early 2022"]
[White "Rivas Garcia, Victor"]
[Black "Dushyant Sharma"]
[WhiteFideId "2217740"]
[BlackFideId "25065130"]
[WhiteElo "2297"]
[BlackElo "2144"]
[Result "1-0"]
[Round "03"]
[TimeControl "180+1"]
[Date "2022.09.27"]
[WhiteClock "0:00:43"]
[BlackClock "0:00:15"]

1. e4 d5 2. Nc3 Nf6 3. exd5 Bg4 4. Be2 Bxe2 5. Qxe2 c6 6. dxc6 Nxc6 7. Nf3 e6 8. O-O Be7 9. d3 O-O 10. Ne4 Nd5 11. a3 a5 12. Bd2 Rc8 13. Nc3 Nb6 14. Rfe1 Bf6 15. Rab1 Nd4 16. Nxd4 Bxd4 17. Be3 Bxc3 18. bxc3 Na4 19. Rxb7 Nxc3 20. Qg4 Nd5 21. c4 Nf6 22. Qe2 Qd6 23. c5 Qd5 24. Rb5 Rfe8 25. Rxa5 Ra8 26. Rxa8 Rxa8 27. Qb2 Qxd3 28. c6 Qd6 29. Rc1 Rc8 30. Qb7 Qf8 31. a4 Nd5 32. Bc5 Qe8 33. Bd6 Qd8 34. a5 h5 35. a6 Kh7 36. a7 Qg5 37. Rf1 Qd8 38. Bb8 Nb6 39. c7 Qd4 40. a8=Q Nxa8 41. Qxc8 Nb6 42. Qb7 Qc5 43. Rb1 Qc2 44. Qxb6 1-0


[Site "https://www.chess.com"]

[Event "Titled Tuesday Blitz September 27 Early 2022"]
[White "Ronka, Erik"]
[Black "Babazada, Khazar"]
[WhiteFideId "505080"]
[BlackFideId "13413554"]
[WhiteElo "2264"]
[BlackElo "2409"]
[Result "1/2-1/2"]
[Round "03"]
[TimeControl "180+1"]
[Date "2022.09.27"]
[WhiteClock "0:00:10"]
[BlackClock "0:01:20"]

1. e4 e6 2. d4 d5 3. Nc3 Bb4 4. e5 c5 5. a3 Bxc3+ 6. bxc3 Ne7 7. Qg4 Qc7 8. Qxg7 Rg8 9. Qxh7 cxd4 10. Qd3 dxc3 11. Ne2 Nbc6 12. Qxc3 Bd7 13. f4 Nf5 14. g3 Rc8 15. Qd3 a6 16. Bh3 Nce7 17. c3 Bb5 18. Qd2 Bxe2 19. Kxe2 Qxc3 20. Qxc3 Rxc3 21. Bd2 Rc4 22. Bg2 Kd7 23. Rhc1 b5 24. a4 Nd4+ 25. Kd1 Nb3 26. Rxc4 bxc4 27. Rb1 Nf5 28. Bf1 Rh8 29. g4 Nxd2 30. Kxd2 Rxh2+ 31. Kc3 Ng3 32. Bxc4 dxc4 33. Rb7+ Kc6 34. Rxf7 Ra2 35. Kxc4 Rxa4+ 36. Kb3 Re4 37. g5 Nf5 38. g6 Re3+ 39. Kc4 Rg3 40. Rf6 Kd7 41. Rf7+ Ke8 42. Rf6 Ng7 43. f5 Rg5 44. fxe6 Rxe5 45. Rf7 Nxe6 46. Ra7 a5 47. g7 Rg5 48. g8=Q+ Rxg8 49. Ra8+ Nd8 50. Rxa5 Kd7 51. Rd5+ Ke6 52. Rd4 Nb7 53. Re4+ Kf5 54. Re1 Nd6+ 55. Kd5 Nb5 56. Rf1+ Kg6 57. Rg1+ Kf7 58. Rxg8 Kxg8 1/2-1/2


[Site "https://www.chess.com"]

[Event "Titled Tuesday Blitz September 27 Early 2022"]
[White "Roque Sola, Jose Luis"]
[Black "Matinian, Nikita"]
[WhiteFideId "5120390"]
[BlackFideId "24129100"]
[WhiteElo "1990"]
[BlackElo "2422"]
[Result "0-1"]
[Round "03"]
[TimeControl "180+1"]
[Date "2022.09.27"]
[WhiteClock "0:00:14"]
[BlackClock "0:02:13"]

1. c4 e5 2. Nc3 Nf6 3. Nf3 Nc6 4. g3 Bb4 5. d3 e4 6. Ng5 exd3 7. exd3 O-O 8. Bg2 Re8+ 9. Be3 d5 10. cxd5 Nxd5 11. Bxd5 Bxc3+ 12. bxc3 Qxd5 13. Qh5 Qxh1+ 14. Kd2 Qd5 15. Qxh7+ Kf8 16. Re1 Qxa2+ 0-1


[Site "https://www.chess.com"]